 Dungeon Crawl Stone Soup version 0.29.0-5-ge4962eb29e (webtiles) character file.

Game seed: 4362935291921864695

49 themarg the Slicer (level 3, -3/31 HPs)
             Began as a Gnoll Wanderer on Aug 28, 2022.
             Slain by Robin
             ... wielding a +0 whip
              (5 damage)
             ... on level 2 of the Dungeon.
             The game lasted 00:04:26 (2069 turns).

themarg the Slicer (Gnoll Wanderer)                 Turns: 2069, Time: 00:04:26

Health: -3/31      AC:  2    Str: 14    XL:     3   Next: 75%
Magic:  4/4        EV: 13    Int: 12    God:
Gold:   41         SH:  0    Dex:  9    Spells: 4/4 levels left

rFire   . . .      SeeInvis .   a - +1 rapier
rCold   . . .      Faith    .   (no shield)
rNeg    . . .      Spirit   .   d - +0 robe
rPois   .          Reflect  .   (no helmet)
rElec   .          Harm     .   (no cloak)
rCorr   .          Rampage  .   (no gloves)
Will    +....                   (no boots)
Stlth   +.........              (no amulet)
HPRegen 0.10/turn               l - ring of willpower
MPRegen 0.09/turn               (no ring)

@: no status effects
A: fangs 1, strong nose, distributed training
a: no special abilities


You were on level 2 of the Dungeon.
You visited 1 branch of the dungeon, and saw 2 of its levels.

You collected 41 gold pieces.

Inventory:

Hand Weapons
 a - a +1 rapier (weapon)
Armour
 d - a +0 robe (worn)
 f - a +0 leather armour
Jewellery
 l - a ring of willpower (left hand)
Scrolls
 b - a scroll of silence
 e - a scroll of identify
 g - a scroll of blinking {unknown}
 j - a scroll of amnesia {unknown}
 k - a scroll of fear {unknown}
Potions
 c - a potion of haste
 h - a potion of mutation
 i - a potion of might {unknown}


   Skills:
 + Level 4.6 Fighting
 + Level 8.5 Short Blades
 + Level 1.0 Long Blades
 + Level 1.0 Axes
 + Level 1.0 Maces & Flails
 + Level 1.0 Polearms
 + Level 1.0 Staves
 + Level 1.0 Ranged Weapons
 + Level 2.6 Throwing
 + Level 1.0 Armour
 + Level 4.6 Dodging
 + Level 1.0 Stealth
 + Level 1.0 Shields
 + Level 1.0 Unarmed Combat
 + Level 1.0 Spellcasting
 + Level 0.7 Conjurations
 + Level 0.7 Hexes
 + Level 0.7 Summonings
 + Level 0.7 Necromancy
 + Level 0.7 Translocations
 + Level 0.7 Transmutations
 + Level 0.7 Fire Magic
 + Level 0.7 Ice Magic
 + Level 0.7 Air Magic
 + Level 0.7 Earth Magic
 + Level 0.7 Poison Magic
 + Level 1.0 Invocations
 + Level 2.6 Evocations


You had 4 spell levels left.
You didn't know any spells.
Your spell library contained the following spells:

 Spells                   Type           Power      Damage    Failure   Level
 Sting                    Tmut/Pois      8%         1d3       22%         1
 Poisonous Vapours        Pois/Air       4%         N/A       34%         2
 Portal Projectile        Hex/Tloc       4%         N/A       56%         3
 Tukima's Dance           Hex            2%         N/A       56%         3
 Olgreb's Toxic Radiance  Pois           2%         N/A       92%         4
 Blade Hands              Tmut           1%         N/A       99%         5


Dungeon Overview and Level Annotations

Branches:
Dungeon (2/15)

Altars:

Annotations:
D:2 1 runed translucent door, 2 exclusions, Crazy Yiuf, Robin, Terence


Innate Abilities, Weirdness & Mutations

You have very sharp teeth.
Your uncanny sense of smell can sniff out nearby items.
Your experience applies equally to all skills.


Message History

The goblin is heavily wounded.
You hit the goblin.
You kill the goblin!
Robin misses you. The hobgoblin closely misses you.
Items here: ))))))) [ ††††††.
You hit Robin but do no damage. Robin hits you with a +0 whip.
The hobgoblin closely misses you.
You barely miss Robin. Robin closely misses you. The hobgoblin misses you.
You closely miss Robin. Robin hits you with a +0 whip.
* * * LOW HITPOINT WARNING * * *
The hobgoblin barely misses you.
You hit Robin.
Robin is lightly wounded.
Robin closely misses you. The hobgoblin barely misses you.
You barely miss Robin.
Robin is lightly wounded.
You hit Robin.
Robin is lightly wounded.
The hobgoblin no longer looks unusually strong.
Robin hits you with a +0 whip.
* * * LOW HITPOINT WARNING * * *
You closely miss Robin.
Robin is lightly wounded.
Robin roars a battlecry!
The hobgoblin goes into a battle-frenzy!
You hit Robin but do no damage.
Robin is lightly wounded.
Robin closely misses you.
You closely miss Robin.
Robin is lightly wounded.
You hit Robin.
Robin is moderately wounded.
Robin hits you with a +0 whip.
* * * LOW HITPOINT WARNING * * *
As you read the scroll labelled PIMOESH FANUIM, it crumbles to dust.
It is a scroll of identify.
h - a potion of mutation Robin says, "Feeling lonely?"
Robin hits you with a +0 whip.
You die...

... . ##########
#......... #.
#.######## #...#
######.# #...#
#......#
#...###.####.#####
#................#
#...###.#.##.#.)@##
...........#..###g#
..........[...#
#g.......
...........##.#
#.##.....
#...#####.####. .##
$... #.........# #
. ### #...#######
#. #.>.# #. #...#
#.


You could see Robin and a hobgoblin (strong).

Vanquished Creatures
  A dart slug (D:2)
  An endoplasm (D:1)
  A giant cockroach (D:1)
  8 goblins
  8 hobgoblins
  4 jackals
  2 quokkas (D:2)
  2 ball pythons (D:1)
  5 bats
  A frilled lizard (D:2)
  A kobold (D:2)
  6 rats
40 creatures vanquished.

Notes
Turn   | Place    | Note
-------+----------+-------------------------------------------
     0 | D:1      | themarg the Gnoll Wanderer began the quest for the Orb.
     0 | D:1      | themarg set off with the following items: a +1 rapier, a
                  | scroll of silence, a potion of haste, a +0 robe.
     0 | D:1      | Reached XP level 1. HP: 20/20 MP: 1/1
   517 | D:1      | Reached XP level 2. HP: 16/26 MP: 2/2
  1343 | D:1      | Found a faded altar of an unknown god.
  1631 | D:2      | Found a runed translucent door.
  1632 | D:2      | Noticed Crazy Yiuf
  1703 | D:2      | Reached XP level 3. HP: 29/31 MP: 3/3
  1837 | D:2      | Noticed Terence
  1873 | D:2      | Reached skill level 1 in Invocations
  2032 | D:2      | Noticed Robin
  2050 | D:2      | Reached skill level 1 in Long Blades
  2050 | D:2      | Reached skill level 1 in Axes
  2050 | D:2      | Reached skill level 1 in Maces & Flails
  2050 | D:2      | Reached skill level 1 in Polearms
  2050 | D:2      | Reached skill level 1 in Staves
  2050 | D:2      | Reached skill level 1 in Ranged Weapons
  2050 | D:2      | Reached skill level 1 in Armour
  2050 | D:2      | Reached skill level 1 in Stealth
  2050 | D:2      | Reached skill level 1 in Shields
  2050 | D:2      | Reached skill level 1 in Unarmed Combat
  2050 | D:2      | Reached skill level 1 in Spellcasting
  2069 | D:2      | Slain by Robin

Illustrated notes

Levels and vault maps discovered:
D:1:      shiori_angband_town, layout_basic, chequers_ecumenical_altar_lobes
D:2:      layout_loops_cross, uniq_terence, uniq_crazy_yiuf_cottage, uniq_robin

Skill      XL: |  1  2  3 |
---------------+----------+-----
Invocations    | 1 |  1.0
Long Blades    | 1 |  1.0
Axes           | 1 |  1.0
Maces & Flails | 1 |  1.0
Polearms       | 1 |  1.0
Staves         | 1 |  1.0
Ranged Weapons | 1 |  1.0
Armour         | 1 |  1.0
Stealth        | 1 |  1.0
Shields        | 1 |  1.0
Unarmed Combat | 1 |  1.0
Spellcasting   | 1 |  1.0
Fighting       | |  4.6
Short Blades   | |  8.5
Throwing       | |  2.6
Dodging        | |  4.6
Conjurations   | |  0.7
Hexes          | |  0.7
Summonings     | |  0.7
Necromancy     | |  0.7
Translocations | |  0.7
Transmutations | |  0.7
Fire Magic     | |  0.7
Ice Magic      | |  0.7
Air Magic      | |  0.7
Earth Magic    | |  0.7
Poison Magic   | |  0.7
Evocations     | |  2.6

Action                   || total
-------------------------++-------
Melee: Rapier            ||   141
       Bite              ||     6
  Use: Scroll            ||     1
Armor: Robe              ||    14
Dodge: Dodged            ||    80
